 Dungeon Crawl Stone Soup version 0.29-a0-620-g13ace881f2 (webtiles) character file.

Game seed: 10489254089148699726

568 happo123 the Ruffian (level 7, 0/97 HPs)
             Began as a Troll Transmuter on June 18, 2022.
             Frozen to death by an endoplasm (5 damage)
             ... on level 4 of the Dungeon.
             The game lasted 00:11:58 (2747 turns).

happo123 the Ruffian (Troll Transmuter)             Turns: 2747, Time: 00:11:58

Health: 0/97       AC: 23    Str: 19    XL:     7   Next: 11%
Magic:  8/9        EV:  1    Int: 11    God:
Gold:   159        SH:  0    Dex: 10    Spells: 7/10 levels left

rFire   . . .      SeeInvis .     - Unarmed
rCold   . . .      Faith    .   (no shield)
rNeg    . . .      Spirit   .   (body armour currently unavailable)
rPois   +          Reflect  .   (helmet currently unavailable)
rElec   .          Harm     .   (cloak currently unavailable)
rCorr   .          Rampage  .   (gloves unavailable)
Will    .....      NoTele   +   (boots unavailable)
Stlth   +.........              (no amulet)
HPRegen 1.06/turn               (no ring)
MPRegen 0.11/turn               (no ring)

@: tree-form
A: stationary, stasis, torment immunity, boosted hp, large, unfitting armour,
(claws 3), regeneration 1, (shaggy fur 1), (tough skin 1)
a: no special abilities


You were on level 4 of the Dungeon.
You were a tree.
You visited 1 branch of the dungeon, and saw 4 of its levels.
You also visited: Ossuary.

You collected 159 gold pieces.

Inventory:

Armour
 a - a +0 robe (melded)
Scrolls
 c - 2 scrolls of enchant armour {unknown}
 f - 2 scrolls of teleportation {unknown}
 k - a scroll of silence {unknown}
 o - 3 scrolls of enchant weapon {unknown}
 q - a scroll of amnesia {unknown}
 r - a scroll of poison {unknown}
 s - a scroll of identify {unknown}
 t - a scroll of fear {unknown}
 u - a scroll of brand weapon {unknown}
 w - a scroll of summoning {unknown}
Potions
 b - 3 potions of lignification
 d - a potion of ambrosia {unknown}
 e - 3 potions of heal wounds {unknown}
 g - 4 potions of curing {unknown}
 h - a potion of invisibility {unknown}
 i - a potion of experience {unknown}
 j - 10 potions of degeneration
 l - a potion of brilliance {unknown}
 m - a potion of haste {unknown}
 n - 2 potions of mutation {unknown}
 p - a potion of attraction {unknown}
 v - a potion of might {unknown}


   Skills:
 + Level 2.1 Fighting
 + Level 2.7 Dodging
 * Level 4.9 Unarmed Combat
 + Level 2.0 Spellcasting
 * Level 3.1 Transmutations
 + Level 1.7 Ice Magic


You had 7 spell levels left.
You knew the following spells:

 Your Spells              Type           Power      Damage    Failure   Level
a - Beastly Appendage     Tmut           16%        N/A       8%          1
b - Wereblood             Tmut           8%         N/A       12%         2

Your spell library contained the following spells:

 Spells                   Type           Power      Damage    Failure   Level
 Ozocubu's Armour         Ice            4%         N/A       41%         3
 Spider Form              Tmut/Pois      4%         N/A       41%         3
 Dazzling Flash           Conj/Hex       2%         N/A       65%         3
 Gell's Gravitas          Tloc           1%         N/A       65%         3
 Teleport Other           Tloc           1%         N/A       65%         3
 Ice Form                 Ice/Tmut       6%         N/A       71%         4
 Metabolic Englaciation   Hex/Ice        1%         N/A       99%         5
 Agony                    Necr           1%         N/A       100%        5
 Silence                  Hex/Air        0%         N/A       100%        5
 Dispersal                Tloc           0%         N/A       100%        6
 Simulacrum               Ice/Necr       1%         N/A       100%        6


Dungeon Overview and Level Annotations

Branches:
Dungeon (4/15)            Ossuary (visited)
 Temple: D:4-7

Altars:
Hepliaklqana


Innate Abilities, Weirdness & Mutations

You are a tree.
Your roots penetrate the ground, keeping you stationary.
You cannot be teleported.
You are immune to unholy pain and torment.
Your maximum health is greatly increased.
Your equipment is partially melded.
You are too large for most types of armour.
((You have claws for hands.))
Your natural rate of healing is unusually fast.
((You are covered in fur. (AC +1)))
((You have tough skin. (AC +1)))


Message History

Pikel is severely wounded.
Pikel barely misses you.
You closely miss Pikel. You headbutt Pikel, but do no damage.
Pikel is severely wounded.
The endoplasm freezes you.
You are frozen.
* * * LOW HITPOINT WARNING * * *
Pikel hits you with a +2 whip of freezing.
* * * LOW HITPOINT WARNING * * *
Pikel freezes you.
* * * LOW HITPOINT WARNING * * *
Okay, then.
Really quaff the potion of lignification?
Okay, then.
Really quaff the potion of lignification?
Your horns disappear.
Your talons disappear.
You turn into a tree.
Your +0 robe melds into your body.
Your roots penetrate the ground.
The endoplasm hits you but does no damage.
Pikel hits you but does no damage.
You completely miss Pikel.
Pikel is severely wounded.
You closely miss Pikel.
Pikel is severely wounded.
The endoplasm hits you but does no damage.
Pikel hits you with a +2 whip of freezing.
* * * LOW HITPOINT WARNING * * *
Pikel freezes you.
* * * LOW HITPOINT WARNING * * *
You hit Pikel but do no damage.
Pikel is severely wounded.
Pikel hits you but does no damage.
The endoplasm hits you but does no damage.
You smack Pikel!
You kill Pikel!
With Pikel's spell broken, his former minions thank you for their freedom.
The lemure departs this earthly plane. x2
The endoplasm freezes you.
You are frozen.
You die...

####.. ##### ### ....K
...#....
#####..###..#.#.^
......5g....#.#.###
.###.###5...#.....
#..........#.#.###.#
#.#........#.......#
#.#######§g#..######.#
#.....J♣)§.......<...#
###########.##########
#......<......
#.....######## #.....#
#.##### #.# #.# #.#


You could see an endoplasm and a goblin.

Vanquished Creatures
  Pikel (D:4)
  Menkaure (D:4)
  2 lemures (D:4)
  2 centaur zombies (Ossuary)
  A jelly (D:4)
  2 human zombies (Ossuary)
  2 orc priests (D:2)
  4 mummies (Ossuary)
  8 adders
  2 worms (D:2)
  6 orcs (D:2)
  6 endoplasms
  3 giant cockroaches
  A gnoll zombie (Ossuary)
  4 goblins
  7 hobgoblins
  12 jackals
  8 quokkas
  12 ball pythons
  5 bats
  A frilled lizard (D:3)
  A goblin zombie (Ossuary)
  A hobgoblin zombie (Ossuary)
  7 kobolds
  A kobold zombie (Ossuary)
  2 rats (D:3)
  A rat zombie (D:4)
103 creatures vanquished.

Notes
Turn   | Place    | Note
-------+----------+-------------------------------------------
     0 | D:1      | happo123 the Troll Transmuter began the quest for the Orb.
     0 | D:1      | Reached XP level 1. HP: 18/18 MP: 1/1
   152 | D:1      | Reached XP level 2. HP: 26/26 MP: 2/2
   158 | D:1      | Reached skill level 1 in Fighting
   323 | D:1      | Reached XP level 3. HP: 28/33 MP: 4/4
   326 | D:1      | Learned a level 2 spell: Wereblood
   830 | D:2      | Reached XP level 4. HP: 33/41 MP: 5/5
   858 | D:2      | Reached XP level 5. HP: 38/48 MP: 4/6
   902 | D:2      | Found a faded altar of an unknown god.
   915 | D:2      | Reached skill level 1 in Ice Magic
  1083 | D:2      | Reached skill level 4 in Unarmed Combat
  1991 | D:3      | Found a hazy altar of Hepliaklqana.
  2384 | D:4      | Noticed Menkaure
  2391 | D:4      | Killed Menkaure
  2392 | D:4      | Reached XP level 6. HP: 26/57 MP: 4/7
  2399 | D:4      | Found a sand-covered staircase.
  2424 | Ossuary  | Entered an ossuary
  2524 | Ossuary  | Reached XP level 7. HP: 64/65 MP: 8/8
  2711 | D:4      | Noticed Pikel
  2745 | D:4      | HP: 4/97 [Pikel/+2 whip of freezing (5)]
  2747 | D:4      | Killed Pikel
  2747 | D:4      | Frozen to death by an endoplasm

Illustrated notes

Levels and vault maps discovered:
D:1:      wander_arrival_estate, layout_rooms
D:2:      cheibrodos_pilgrimage, layout_basic, nicolae_ecumenical_snake_handling
D:3:      layout_basic, mainiacjoe_overflow_alcove_2, hex_intersection,
          chequers_mini_garden
D:4:      layout_basic, enter_ossuary_3, serial_shops, nicolae_diamond_shop,
          uniq_pikel, uniq_menkaure, uniq_crazy_yiuf_cottage

Skill      XL: |  1  2  3  4  5  6  7 |
---------------+----------------------+-----
Fighting       | 1 2 |  2.1
Dodging        | 2 |  2.7
Transmutations | 2 3 |  3.1
Ice Magic      | 1 |  1.7
Unarmed Combat | 4 |  4.9
Spellcasting   | 2 |  2.0

Action                   |  1- 3 |  4- 6 |  7- 9 || total
-------------------------+-------+-------+-------++-------
Melee: Unarmed           |   105 |   127 |    48 ||   280
       Punch             |     2 |     2 |     1 ||     5
       Kick              |     5 |     7 |     5 ||    17
       Headbutt          |     4 |     3 |     5 ||    12
 Cast: Beastly Appendage |     4 |     6 |     3 ||    13
       Wereblood         |       |     2 |     2 ||     4
  Use: Potion            |       |       |     1 ||     1
 Stab: Sleeping          |     1 |       |       ||     1
       Distracted        |       |     1 |       ||     1
Armor: Robe              |    45 |    36 |    11 ||    92
       Skin              |       |       |     5 ||     5
Dodge: Dodged            |    48 |    51 |    16 ||   115

Table legend: (Time is in decaauts)
 A = Elapsed time spent in this place.
 B = Non-inter-level travel time spent in this place.
 C = Inter-level travel time spent in this place.
 D = Time resting spent in this place.
 E = Time spent auto-exploring this place.
 F = Levels seen in this place.
 G = Mean time per level.
                   A        B        C        D        E       F      G
               +--------+--------+--------+--------+--------+-----+--------+
         Total |   2725 |   2385 |    340 |     17 |   1547 |   5 |  545.0 |
       Dungeon |   2480 |   2140 |    340 |      7 |   1547 |   4 |  620.0 |
       Ossuary |    244 |    244 |      0 |     10 |      0 |   1 |  244.0 |
               +--------+--------+--------+--------+--------+-----+--------+

Top non-repeatable levels by time:
     D:3: 940 daAuts
     D:2: 891 daAuts
     D:1: 539 daAuts
 Ossuary: 244 daAuts
     D:4: 109 daAuts
